 Dungeon Crawl Stone Soup version 0.28-a0-1435-g82390b3a13 (webtiles) character file.

Game seed: 7533664185994705004

865 Shayle the Grasshopper (level 8, 0/57 (63) HPs)
             Began as a Gnoll Warper on Jan 9, 2022.
             Was an Initiate of Yredelemnul.
             Slain by an ice beast (11 damage)
             ... on level 6 of the Dungeon.
             The game lasted 00:10:38 (5719 turns).

Shayle the Grasshopper (Gnoll Warper)               Turns: 5719, Time: 00:10:40

HP:   0/57 (63)     AC: 13    Str: 10    XL:     8   Next: 3%
MP:   16/16         EV: 12    Int: 14    God:    Yredelemnul [......]
Gold: 245           SH:  0    Dex: 13    Spells: 13/18 levels left

rFire   . . .      SeeInvis .     - Unarmed
rCold   . . .      Faith    .   (no shield)
rNeg    . . .      Spirit   .   g - +4 ring mail
rPois   .          Reflect  .   l - +0 helmet
rElec   .          Harm     .   k - +0 cloak
rCorr   .          Rampage  .   e - +0 pair of gloves
Will    .....                   (no boots)
Stlth   +.........              (no amulet)
HPRegen 0.19/turn               (no ring)
MPRegen 0.15/turn               (no ring)

@: drained
A: fangs 1, strong nose, distributed training
a: Renounce Religion, Recall Undead Harvest


You were on level 6 of the Dungeon.
You worshipped Yredelemnul.
Yredelemnul was noncommittal.
You visited 2 branches of the dungeon, and saw 7 of its levels.

You collected 245 gold pieces.

Inventory:

Hand Weapons
 o - a +1 dagger of freezing
 r - a +4 hand axe
 s - a +0 vorpal quarterstaff
Missiles
 c - 5 boomerangs of dispersal (quivered)
 u - 4 curare-tipped darts
Armour
 a - a +0 leather armour
 e - a +0 pair of gloves (worn)
 g - a +4 ring mail (worn)
 k - a +0 cloak (worn)
 l - a +0 helmet (worn)
Wands
 i - a wand of acid (3)
Scrolls
 d - a scroll of magic mapping {unknown}
 f - a scroll of blinking
 h - a scroll of silence {unknown}
 j - 4 scrolls of identify
 n - a scroll of vulnerability {unknown}
 p - 2 scrolls of fear
 q - a scroll of teleportation {unknown}
Potions
 b - a potion of heal wounds {unknown}
 m - a potion of attraction {unknown}
 t - a potion of cancellation {unknown}


   Skills:
 + Level 5.4 Fighting
 + Level 2.8 Short Blades
 + Level 2.8 Long Blades
 + Level 2.8 Axes
 + Level 2.8 Maces & Flails
 + Level 2.8 Polearms
 + Level 2.8 Staves
 + Level 2.8 Slings
 + Level 2.8 Bows
 + Level 2.8 Crossbows
 + Level 3.9 Throwing
 + Level 3.9 Armour
 + Level 5.4 Dodging
 + Level 2.8 Stealth
 + Level 2.8 Shields
 + Level 5.4 Unarmed Combat
 + Level 5.8 Spellcasting
 + Level 2.3 Conjurations
 + Level 2.3 Hexes
 + Level 2.3 Summonings
 + Level 2.3 Necromancy
 + Level 6.0 Translocations
 + Level 2.3 Transmutations
 + Level 2.3 Fire Magic
 + Level 2.3 Ice Magic
 + Level 2.3 Air Magic
 + Level 2.3 Earth Magic
 + Level 2.3 Poison Magic
 + Level 3.1 Invocations
 + Level 2.8 Evocations


You had 13 spell levels left.
You knew the following spells:

 Your Spells              Type           Power      Damage    Failure   Level
a - Blink                 Tloc           40%        N/A       4%          2
b - Teleport Other        Tloc           20%        N/A       10%         3

Your spell library contained the following spells:

 Spells                   Type           Power      Damage    Failure   Level
 Gell's Gravitas          Tloc           20%        N/A       10%         3
 Lesser Beckoning         Tloc           20%        N/A       10%         3
 Corpse Rot               Necr/Air       20%        N/A       22%         2
 Poisonous Vapours        Pois/Air       20%        N/A       22%         2
 Portal Projectile        Hex/Tloc       30%        N/A       22%         3
 Confusing Touch          Hex            10%        N/A       41%         3
 Dazzling Flash           Conj/Hex       20%        N/A       41%         3
 Ozocubu's Armour         Ice            10%        N/A       41%         3
 Manifold Assault         Tloc           20%        N/A       67%         5
 Olgreb's Toxic Radiance  Pois           10%        N/A       83%         4
 Agony                    Necr           10%        N/A       99%         5
 Alistair's Intoxication  Tmut/Pois      6%         N/A       99%         5
 Freezing Cloud           Conj/Ice/Air   5%         6-21      99%         5
 Iskenderun's Battlesphe  Conj           10%        2d6       99%         5
 Metabolic Englaciation   Hex/Ice        5%         N/A       99%         5
 Silence                  Hex/Air        5%         N/A       99%         5
 Simulacrum               Ice/Necr       5%         N/A       100%        6
 Ozocubu's Refrigeration  Ice            5%         4d6       100%        7
 Ignition                 Fire           5%         3d4       100%        8


Dungeon Overview and Level Annotations

Branches:
Dungeon (6/15)             Temple (1/1) D:4

Altars:
Ashenzari
Cheibriados
Dithmenos
Elyvilon
Fedhas
Gozag
Hepliaklqana
Kikubaaqudgha
Nemelex Xobeh
Okawaru
Qazlal
Ru
Sif Muna
Uskayaw
Vehumet
Wu Jian
Yredelemnul
Zin
The Shining One

Shops:
D:6 *


Innate Abilities, Weirdness & Mutations

You have very sharp teeth.
Your uncanny sense of smell can sniff out nearby items.
Your experience applies equally to all skills.


Message History

The ice beast is lightly wounded.
The ice beast hits you. The ice beast freezes you!
Your orc zombie hits the ice beast but does no damage.
You hit the ice beast. Your punch misses the ice beast.
The ice beast is lightly wounded.
The ice beast hits you but does no damage.
You hit the ice beast but do no damage.
The ice beast is lightly wounded.
The ice beast hits you but does no damage.
Your orc zombie hits the ice beast but does no damage.
You hit the ice beast. Your punch misses the ice beast.
The ice beast is lightly wounded.
The ice beast closely misses you.
Your orc zombie hits the ice beast but does no damage.
You completely miss the ice beast.
The ice beast is lightly wounded.
The ice beast hits you but does no damage.
Your orc zombie barely misses the ice beast.
You hit the ice beast.
The ice beast is lightly wounded.
The ice beast completely misses you.
You hit the ice beast but do no damage.
You punch the ice beast, but do no damage.
The ice beast is lightly wounded.
Your orc zombie hits the ice beast but does no damage.
The ice beast hits you but does no damage.
You barely miss the ice beast.
You bite the ice beast, but do no damage.
The ice beast is lightly wounded.
Your orc zombie hits the ice beast but does no damage.
The ice beast hits you. The ice beast freezes you!
* * * LOW HITPOINT WARNING * * *
You hit the ice beast.
The ice beast is moderately wounded.
Your orc zombie barely misses the ice beast.
The ice beast hits you.
* * * LOW HITPOINT WARNING * * *
The ice beast freezes you!
You die...
Your body rises from the dead as a mindless zombie.

..###....##....##
.........###....###
#.........#....<..#
#........).#...#).#
#...........(..#.##
..........##.....#
....##.#..#>.##...
#.(. ###....#.....
#.. #@Z...#..####
.. ##Y####...#
#)##....#
#.#....###
#...o.Y...
#............
#....##.....#
#..... #....#
....... .....


You could see an ice beast (ally target) and a friendly orc zombie.

Vanquished Creatures
  An ice beast (D:4)
  A black bear (D:3)
  A necrophage (D:5)
  A phantom (D:4)
  A scorpion (D:3)
  4 wights
  A hound (D:4)
  2 orc priests
  A bullfrog skeleton (D:5)
  A killer bee zombie (D:4)
  5 adders
  4 gnolls (D:4)
  An ufetubus (D:4)
  An adder skeleton (D:4)
  A worm (D:1)
  2 dart slugs
  11 orcs
  3 bats
  2 endoplasms
  8 goblins
  6 hobgoblins
  2 jackals (D:1)
  8 kobolds
  3 quokkas
  A ball python (D:2)
  3 frilled lizards (D:1)
  8 rats
83 creatures vanquished.

Vanquished Creatures (others)
  7 plants (D:1)
7 creatures vanquished.

Grand Total: 90 creatures vanquished

Notes
Turn   | Place    | Note
-------+----------+-------------------------------------------
     0 | D:1      | Shayle the Gnoll Warper began the quest for the Orb.
     0 | D:1      | Reached XP level 1. HP: 20/20 MP: 6/6
   451 | D:1      | Reached XP level 2. HP: 25/26 MP: 7/7
  1363 | D:1      | Reached XP level 3. HP: 13/31 MP: 9/9
  1541 | D:2      | Reached skill level 5 in Spellcasting
  1768 | D:2      | HP: 1/31 [orc priest/divine providence (15)]
  1777 | D:2      | Reached skill level 1 in Short Blades
  1777 | D:2      | Reached skill level 1 in Long Blades
  1777 | D:2      | Reached skill level 1 in Axes
  1777 | D:2      | Reached skill level 1 in Maces & Flails
  1777 | D:2      | Reached skill level 1 in Polearms
  1777 | D:2      | Reached skill level 1 in Staves
  1777 | D:2      | Reached skill level 1 in Slings
  1777 | D:2      | Reached skill level 1 in Bows
  1777 | D:2      | Reached skill level 1 in Crossbows
  1777 | D:2      | Reached skill level 1 in Stealth
  1777 | D:2      | Reached skill level 1 in Shields
  1777 | D:2      | Reached skill level 1 in Invocations
  1777 | D:2      | Reached skill level 1 in Evocations
  1777 | D:2      | Reached XP level 4. HP: 2/38 MP: 11/11
  2581 | D:2      | Found an ornate altar of the Wu Jian Council.
  3063 | D:3      | Noticed a black bear
  3281 | D:3      | Killed a black bear
  3282 | D:3      | Reached skill level 1 in Conjurations
  3282 | D:3      | Reached skill level 1 in Hexes
  3282 | D:3      | Reached skill level 1 in Summonings
  3282 | D:3      | Reached skill level 1 in Necromancy
  3282 | D:3      | Reached skill level 1 in Transmutations
  3282 | D:3      | Reached skill level 1 in Fire Magic
  3282 | D:3      | Reached skill level 1 in Ice Magic
  3282 | D:3      | Reached skill level 1 in Air Magic
  3282 | D:3      | Reached skill level 1 in Earth Magic
  3282 | D:3      | Reached skill level 1 in Poison Magic
  3282 | D:3      | Reached XP level 5. HP: 43/43 MP: 12/12
  3293 | D:3      | Got the Collected Works on Envenoming and Ice
  3297 | D:3      | Learned a level 2 spell: Blink
  3301 | D:3      | Learned a level 3 spell: Teleport Other
  3352 | D:3      | Found a shimmering blue altar of Sif Muna.
  3594 | D:4      | Reached XP level 6. HP: 40/50 MP: 13/13
  3665 | D:4      | Found a glowing golden altar of the Shining One.
  3727 | D:4      | Found a sacrificial altar of Ru.
  3790 | D:4      | Noticed an ice beast
  3804 | D:4      | Killed an ice beast
  3805 | D:4      | Reached skill level 5 in Fighting
  3805 | D:4      | Reached skill level 5 in Dodging
  3805 | D:4      | Reached skill level 5 in Unarmed Combat
  3980 | D:4      | Reached XP level 7. HP: 41/56 MP: 15/15
  4428 | D:4      | Found a staircase to the Ecumenical Temple.
  4497 | Temple   | Entered the Ecumenical Temple
  4644 | Temple   | Became a worshipper of Yredelemnul the Dark
  4868 | D:5      | Entered Level 5 of the Dungeon
  5114 | D:5      | Got the Compendium of Entrancing Combat Magic
  5125 | D:5      | Found a hide-covered altar of Uskayaw.
  5355 | D:6      | Found Buffaigg's Lightly-Used Armoury.
  5598 | D:6      | Reached skill level 6 in Translocations
  5598 | D:6      | Reached XP level 8. HP: 39/57 MP: 16/16
  5719 | D:6      | Slain by an ice beast

Illustrated notes

Levels and vault maps discovered:
D:1:      tarquinn_simple_flora_water_b, layout_basic, serial_forest,
          infiniplex_forest_clump_cross, infiniplex_forest_clump_curved,
          infiniplex_forest_lined_room_2, infiniplex_forest_pool,
          infiniplex_forest_clump_small, infiniplex_forest_lined_2,
          infiniplex_forest_3_way, infiniplex_forest_clump_curved,
          infiniplex_forest_clump_small
D:2:      layout_loops_cross, basic_altar, serial_co_window_serial,
          co_window_of_opportunity_a, co_window_corner_a, co_window_corner_a,
          co_window_corner_a, co_window_paths_b, co_window_of_opportunity_a,
          co_window_cross_1, co_window_of_opportunity_a, co_window_paths_b,
          co_window_unsneaky_path_d, co_window_2corner, co_window_corner_ca,
          co_window_2corner, co_window_of_opportunity_c, co_window_corner_ca,
          co_window_paths_c, co_window_paths_e, glass_columns_b,
          glass_columns_a, glass_columns_a, chequers_serial_rivers_micro_d
D:3:      layout_basic, nicolae_sif_muna_little_library
D:4:      layout_basic, tso_altar, mainiacjoe_overflow_surrounded_room,
          minmay_temple_entry_proselytizer
D:5:      nicolae_cairo_tiling_very_big, layout_rooms,
          mainiacjoe_overflow_small_starburst, abandoned_shop
D:6:      layout_cave_pools, tgw_xom, minmay_misc_feat_columns,
          kennysheep_decorative_pillar, kennysheep_nub, minmay_shop_damaged,
          uniq_prince_ribbit1, uniq_eustachio, uniq_duvessa
Temple:   regret_index_temple_sphere_string

Skill      XL: |  1  2  3  4  5  6  7 |
---------------+----------------------+-----
Spellcasting   | 5 |  5.8
Short Blades   | 1 2 |  2.8
Long Blades    | 1 2 |  2.8
Axes           | 1 2 |  2.8
Maces & Flails | 1 2 |  2.8
Polearms       | 1 2 |  2.8
Staves         | 1 2 |  2.8
Slings         | 1 2 |  2.8
Bows           | 1 2 |  2.8
Crossbows      | 1 2 |  2.8
Stealth        | 1 2 |  2.8
Shields        | 1 2 |  2.8
Invocations    | 1 2 3 |  3.1
Evocations     | 1 2 |  2.8
Throwing       | 3 |  3.9
Armour         | 3 |  3.9
Conjurations   | 1 2 |  2.3
Hexes          | 1 2 |  2.3
Summonings     | 1 2 |  2.3
Necromancy     | 1 2 |  2.3
Transmutations | 1 2 |  2.3
Fire Magic     | 1 2 |  2.3
Ice Magic      | 1 2 |  2.3
Air Magic      | 1 2 |  2.3
Earth Magic    | 1 2 |  2.3
Poison Magic   | 1 2 |  2.3
Fighting       | 5 |  5.4
Dodging        | 5 |  5.4
Unarmed Combat | 5 |  5.4
Translocations | 6 |  6.0

Action                   |  1- 3 |  4- 6 |  7- 9 || total
-------------------------+-------+-------+-------++-------
Melee: Unarmed           |   112 |   144 |   154 ||   410
       Bite              |    13 |    15 |    21 ||    49
       Punch             |     4 |    10 |     9 ||    23
Evoke: Wand              |     1 |     6 |       ||     7
  Use: Scroll            |     5 |       |       ||     5
 Stab: Sleeping          |       |       |     1 ||     1
Armor: Leather armour    |    22 |       |       ||    22
       Ring mail         |     8 |    58 |    56 ||   122
Dodge: Dodged            |    63 |   107 |    67 ||   237

Table legend: (Time is in decaauts)
 A = Elapsed time spent in this place.
 B = Non-inter-level travel time spent in this place.
 C = Inter-level travel time spent in this place.
 D = Time resting spent in this place.
 E = Time spent auto-exploring this place.
 F = Levels seen in this place.
 G = Mean time per level.
                   A        B        C        D        E       F      G
               +--------+--------+--------+--------+--------+-----+--------+
         Total |   5687 |   5448 |    239 |    663 |   3640 |   7 |  812.4 |
       Dungeon |   5524 |   5301 |    223 |    663 |   3509 |   6 |  920.7 |
        Temple |    163 |    147 |     16 |      0 |    131 |   1 |  163.0 |
               +--------+--------+--------+--------+--------+-----+--------+

Top non-repeatable levels by time:
     D:2: 1574 daAuts
     D:1: 1528 daAuts
     D:4: 1105 daAuts
     D:5: 667 daAuts
     D:3: 472 daAuts
     D:6: 175 daAuts
  Temple: 163 daAuts
